 Seeded DCSS version 0.31-a0-210-gccc998df9b (webtiles) character file.

Game seed: 16931548482702210867 (custom seed)

4 innerfire43 the Trooper (level 1, -3/18 HPs)
             Began as a Demonspawn Monk on June 29, 2023.
             Slain by a gnoll
             ... wielding a +0 whip
              (9 damage)
             ... on level 1 of the Dungeon.
             The game lasted 00:00:15 (362 turns).

innerfire43 the Trooper (Demonspawn Monk)            Turns: 362, Time: 00:00:15

Health: -3/18      AC:  2    Str: 11    XL:     1   Next: 58%
Magic:  1/1        EV: 13    Int: 11    God:
Gold:   60         SH:  0    Dex: 15    Spells: 0/0 levels left

rFire   . . .        a - +0 short sword
rCold   . . .        d - orb {light}
rNeg    . . .        b - +0 robe
rPois   .            (no helmet)
rElec   .            (no cloak)
rCorr   .            (no gloves)
SInv    .            (no boots)
Will    .....        (no amulet)
Stlth   +            (no ring)
HPRegen 0.23/turn    (no ring)
MPRegen 0.07/turn

%: no passive effects
@: glowing
A: no striking features
a: no special abilities


You were on level 1 of the Dungeon.
You visited 1 branch of the dungeon, and saw 1 of its levels.

You collected 60 gold pieces.

Inventory:

Hand Weapons
 a - a +0 short sword (weapon)
Armour
 b - a +0 robe (worn)
 d - an orb of light (worn)
Scrolls
 e - a scroll of amnesia {unknown}
 f - a scroll of immolation {unknown}
Potions
 c - a potion of ambrosia


   Skills:
 * Level 3.1 Fighting
 + Level 2.7 Short Blades
 + Level 2.7 Dodging


You couldn't memorise any spells.
You didn't know any spells.
Your spell library contained the following spells:

 Spells                   Type           Power      Damage    Failure   Level
 Summon Guardian Golem    Hex/Summ       0%         N/A       71%         3
 Orb of Destruction       Conj           0%         9d5       100%        7
 Spellforged Servitor     Conj/Summ      0%         N/A       100%        7


Dungeon Overview and Level Annotations

Branches:
Dungeon (1/15)

Altars:


Message History

No target in view!
You see here a +0 mace.
Key pressed, stopping explore.
No target in view!
No target in view!
A gnoll comes into view. It is wielding a +0 whip.
The gnoll shouts!
A gnoll is nearby!
The gnoll hits you with a +0 whip.
An endoplasm comes into view.
There are monsters nearby!
You hit the gnoll.
The gnoll is lightly wounded.
You hit the gnoll but do no damage.
The gnoll is lightly wounded.
The gnoll hits you with a +0 whip.
There are monsters nearby!
You barely miss the gnoll.
The gnoll is lightly wounded.
A bat comes into view.
The gnoll hits you with a +0 whip!
* * * LOW HITPOINT WARNING * * *
The bat moves out of view.
There are monsters nearby!
You are too injured to fight recklessly!
You are too injured to fight recklessly!
There are monsters nearby!
You are too injured to fight recklessly!
The gnoll attacks as you move away! The gnoll closely misses you.
You hit the gnoll but do no damage.
The gnoll is lightly wounded.
The gnoll barely misses you.
You hit the gnoll.
The gnoll is heavily wounded.
The gnoll hits you but does no damage.
You barely miss the gnoll.
The gnoll is heavily wounded.
The gnoll hits you with a +0 whip!
Ouch! That really hurt!
You die...

.#.# .... #.... #....
#..... ......### #.
........# #. #g#
#.####### ##
.#####@#######.......#
..
.................[....#
##
##########.#####......##
..#...................+.
#.#.######...###......##
#.#.# ###.###....†.##
###.#.# #).###.......
#.....# ##.#...######
#.....# ###.#.#.#.....


You could see a gnoll.

Vanquished Creatures
  A giant cockroach (D:1)
  A hobgoblin (D:1)
  A ball python (D:1)
  2 bats (D:1)
5 creatures vanquished.

Notes
Turn   | Place    | Note
-------+----------+-------------------------------------------
     0 | D:1      | innerfire43 the Demonspawn Monk began the quest for the
                  | Orb.
     0 | D:1      | Reached XP level 1. HP: 18/18 MP: 1/1
   362 | D:1      | Slain by a gnoll

Illustrated notes

Levels and vault maps discovered:
D:1:      minmay_arrival_diagonal_passages, layout_basic

Action                     || total
---------------------------++-------
  Melee: Short sword       ||    28
 Armour: Robe              ||    10
  Dodge: Dodged            ||    20

Table legend: (Time is in decaauts)
 A = Elapsed time spent in this place.
 B = Non-inter-level travel time spent in this place.
 C = Inter-level travel time spent in this place.
 D = Time resting spent in this place.
 E = Time spent auto-exploring this place.
 F = Levels seen in this place.
 G = Mean time per level.
                   A        B        C        D        E       F      G
               +--------+--------+--------+--------+--------+-----+--------+
         Total |    358 |    358 |      0 |      0 |    301 |   1 |  358.0 |
       Dungeon |    358 |    358 |      0 |      0 |    301 |   1 |  358.0 |
               +--------+--------+--------+--------+--------+-----+--------+

Top non-repeatable levels by time:
     D:1: 358 daAuts
